[Event "*** Titled Tuesday Blitz"]
[Site "Chess.com"]
[Date "2020.12.29"]
[Round "3"]
[White "BelaKis"]
[Black "Alekseyviktorovich"]
[Result "1-0"]
[WhiteElo "2146"]
[BlackElo "2322"]
[TimeControl "180+1"]
[EndTime "10:26:58 PST"]
[Termination "BelaKis won on time"]

1. Nf3 d5 2. g3 c6 3. Bg2 Nf6 4. O-O Bg4 5. h3 Bf5 6. d3 h6 7.
Nbd2 e6 8. a3 a5 9. b3 Be7 10. Bb2 O-O 11. c4 b5 12. cxb5 cxb5 13. Nd4 Qb6 14. Qc2 Bh7 15. Rfc1 Nbd7 16. Qc7 Rfb8 17.
Qxb6 Rxb6 18. Rc2 e5 19. Nc6 Bd6 20. Rac1 e4 21. dxe4 1-0

[Event "*** Titled Tuesday Blitz"]
[Site "Chess.com"]
[Date "2020.12.29"]
[Round "3"]
[White "yobdc"]
[Black "Parhamov"]
[Result "0-1"]
[WhiteElo "2465"]
[BlackElo "2940"]
[TimeControl "180+1"]
[EndTime "10:26:59 PST"]
[Termination "Parhamov won on time"]

1. d4 Nf6 2. Nf3 e6 3. e3 b6 4. Bd3 Bb7 5. b3 g6 6. Bb2 Bg7 7. Nbd2 O-O 8. O-O c5 9. c4 cxd4 10. exd4 d5 11. Re1 Nc6 12. Ne5 Rc8 13. Ndf3 dxc4 14. bxc4 Nd7 15. Nxc6 Bxc6 16. a4 Qc7 17. Bf1 Rfd8 18. Qb3 Qf4 19. d5 Nc5 20. Qa2 Bxb2 21.
Qxb2 exd5 22. cxd5 Bxd5 23. Ne5 Bxg2 24. Nxf7 Bd5 0-1

[Event "*** Titled Tuesday Blitz"]
[Site "Chess.com"]
[Date "2020.12.29"]
[Round "3"]
[White "The_filthy"]
[Black "frenchpin"]
[Result "0-1"]
[WhiteElo "2293"]
[BlackElo "2461"]
[TimeControl "180+1"]
[EndTime "10:26:59 PST"]
[Termination "frenchpin won by resignation"]

1. e4 e6 2. d4 d5 3. Nc3 Bb4 4. e5 c5 5. Bd2 Nc6 6. Nf3 Nge7 7. dxc5 Ng6 8. Bb5 O-O 9. Qe2 Qc7 10. Bxc6 bxc6 11. O-O a5 12. Rfe1 Bxc5 13. Ng5 h6 14. Nf3 Ba6 15. Qd1 Qb6 16. Be3 Bxe3 17. Rxe3 c5 18.
Na4 Qc6 19. b3 Rfd8 20. Rc3 c4 21. Nd4 Qc7 22. f4 Nxf4 23. Qf3 Qxe5 24. Nc6 Qg5 25. Nxd8 Rxd8 26. Rf1 d4 27. Qxf4 Qxf4 28. Rxf4 dxc3 29.
Nxc3 Rd2 30. Rf2 Rd4 31. Re2 cxb3 0-1

[Event "*** Titled Tuesday Blitz"]
[Site "Chess.com"]
[Date "2020.12.29"]
[Round "3"]
[White "Schwindle"]
[Black "Bacyanide"]
[Result "0-1"]
[WhiteElo "2251"]
[BlackElo "2442"]
[TimeControl "180+1"]
[EndTime "10:26:59 PST"]
[Termination "Bacyanide won by resignation"]

1. e4 c6 2. d4 d5 3. exd5 cxd5 4.
c4 Nf6 5. Nc3 Nc6 6. Nf3 Be6 7.
c5 g6 8. Be3 Bg7 9. Bd3 O-O 10.
Ng5 Bg4 11. f3 Bd7 12. h4 e5 13. dxe5 Nxe5 14. O-O Nxd3 15. Qxd3 Bf5 16. Qd2 h6 17.
Nh3 Bxh3 18. gxh3 Kh7 19. Rad1 Qc7 20. Bf2 Rad8 21. b4 d4 22. Nb5 Qd7 23. Nd6 Qxh3 24. Qxd4 Qxf3 25. Rd3 Qh5 26. Qf4 Ng4 27. Bg3 f5 28.
Re1 Rd7 29. b5 Rc8 30. Qc4 Rcd8 31. Qe6 Nf6 32. c6 bxc6 33. bxc6 Rc7 34. Rc3 Qg4 35.
Nf7 Rd1 36. Re3 Rxe1+ 37. Rxe1 Rxc6 38. Qxc6 Qxg3+ 39. Kf1 Ne4 40. Re2 Qxh4 41. Rg2 Qf4+ 42. Ke1 Qe3+ 43. Kd1 Qf3+ 44. Re2 Nc3+ 45. Kc2 Qxc6 0-1

[Event "*** Titled Tuesday Blitz"]
[Site "Chess.com"]
[Date "2020.12.29"]
[Round "3"]
[White "kobemagic"]
[Black "francyIM"]
[Result "0-1"]
[WhiteElo "2434"]
[BlackElo "2694"]
[TimeControl "180+1"]
[EndTime "10:27:01 PST"]
[Termination "francyIM won on time"]

1. c4 f5 2. g3 Nf6 3. Bg2 e6 4. Nc3 Bb4 5. Qb3 c5 6. a3 Ba5 7. d3 O-O 8. Bd2 Nc6 9. Nf3 b6 10. Qa4 Rb8 11. O-O a6 12. Bf4 Rb7 13. Ne5 Bxc3 14. bxc3 Nxe5 15. Bxb7 Nxd3 16. Bd6 Bxb7 17. Bxf8 Ne5 18. Bd6 Neg4 19. h3 Qe8 20. f3 Ne3 21. Kf2 Nxf1 22. Rxf1 e5 23. Rd1 e4 24. f4 e3+ 25.
Kg1 Qe4 26. Rd5 Bxd5 27. cxd5 Qxa4 0-1

[Event "*** Titled Tuesday Blitz"]
[Site "Chess.com"]
[Date "2020.12.29"]
[Round "3"]
[White "chessdjw"]
[Black "HackingKid98"]
[Result "0-1"]
[WhiteElo "2620"]
[BlackElo "2435"]
[TimeControl "180+1"]
[EndTime "10:27:01 PST"]
[Termination "HackingKid98 won on time"]

1. e4 c6 2. d4 d5 3. exd5 cxd5 4. Bd3 Nf6 5. c3 Bg4 6. Nf3 e6 7. Bf4 Bd6 8. Bxd6 Qxd6 9. Nbd2 O-O 10. h3 Bh5 11. O-O Nc6 12. Re1 Rfc8 13. a4 Rab8 14. a5 Qc7 15. Qa4 a6 16. Ne5 Nxe5 17. dxe5 Nd7 18. Qh4 Bg6 19. Bxg6 hxg6 20. Nf3 Qc4 21. Nd4 b6 22. Qe7 Nf8 23. axb6 Rxb6 24. Qa3 Rcb8 25.
Re2 g5 26. Rc2 Ng6 27. b3 Qd3 28. Re1 Rxb3 29. Nxb3 Qxc2 30. Nd4 Qd2 31. Re3 Rb2 32. Re2 Qd1+ 33. Kh2 Rxe2 0-1

[Event "*** Titled Tuesday Blitz"]
[Site "Chess.com"]
[Date "2020.12.29"]
[Round "3"]
[White "rychessmaster1"]
[Black "ljuks68"]
[Result "1-0"]
[WhiteElo "2570"]
[BlackElo "2374"]
[TimeControl "180+1"]
[EndTime "10:27:01 PST"]
[Termination "rychessmaster1 won by resignation"]

1. d4 d5 2. Nc3 e6 3. Bf4 Nf6 4. Nb5 Na6 5. e3 Be7 6. Nf3 O-O 7. h3 c6 8. Nc3 Bb4 9. Bxa6 bxa6 10. O-O c5 11.
Na4 cxd4 12. exd4 Bd7 13. c3 Qa5 14. cxb4 Qxa4 15. Qxa4 Bxa4 16. Rac1 Rac8 17. Nd2 Rfd8 18. f3 Bc2 19. Kf2 h6 20. Ke3 g5 21. Bh2 Nh5 22. g4 Ng7 23. f4 f5 24. fxg5 hxg5 25.
Be5 f4+ 26. Kf2 Rc6 27. Nb3 Re8 28. Nc5 Be4 29. Nxe4 1-0

[Event "*** Titled Tuesday Blitz"]
[Site "Chess.com"]
[Date "2020.12.29"]
[Round "3"]
[White "Michaelson_11"]
[Black "Skatchkov_V"]
[Result "0-1"]
[WhiteElo "2210"]
[BlackElo "2499"]
[TimeControl "180+1"]
[EndTime "10:27:02 PST"]
[Termination "Skatchkov_V won by checkmate"]

1. e4 e5 2. Nf3 d5 3. Nxe5 Bd6 4. d4 dxe4 5. Nc4 Nf6 6. Be2 O-O 7. O-O Nc6 8. c3 Bf5 9. Bg5 Be7 10. Ne3 Bg6 11.
h4 h6 12. Bxf6 Bxf6 13. h5 Bh7 14. f4 exf3 15. Bxf3 Nxd4 16. cxd4 Bxd4 17. Qb3 Re8 18. Re1 Qg5 19. Na3 Bxe3+ 20. Kf1 Bc5 21. Qb5 c6 22.
Qc4 b5 23. Qb3 Qh4 24. Re2 Qh1# 0-1

[Event "*** Titled Tuesday Blitz"]
[Site "Chess.com"]
[Date "2020.12.29"]
[Round "3"]
[White "noblerone"]
[Black "ckgchess"]
[Result "0-1"]
[WhiteElo "2443"]
[BlackElo "2773"]
[TimeControl "180+1"]
[EndTime "10:27:03 PST"]
[Termination "ckgchess won by resignation"]

1. d4 c5 2. c3 cxd4 3. cxd4 Nf6 4. Nf3 g6 5. Nc3 Bg7 6. Bg5 O-O 7. e3 Nc6 8. Be2 Qb6 9. Rb1 d6 10. O-O Bf5 11. Bd3 Bxd3 12. Qxd3 Rac8 13. Rfc1 Nb4 14. Qe2 e6 15. a3 Nbd5 16. Nxd5 Nxd5 17. Qd2 h6 18.
Bh4 Qb3 19. Bg3 Rfd8 20. Rxc8 Rxc8 21. Rc1 Rxc1+ 22. Qxc1 Nb6 23. Bxd6 Nc4 24. Be5 Nxb2 25. Qc8+ Kh7 26. h3 Nd3 27. Qd7 Qd1+ 28. Kh2 Nxe5 29. Nxe5 Bxe5+ 30. f4 Bg7 31. Qxf7 Qb3 32. h4 h5 0-1

[Event "*** Titled Tuesday Blitz"]
[Site "Chess.com"]
[Date "2020.12.29"]
[Round "3"]
[White "zaur-mammadov"]
[Black "Leo_C"]
[Result "0-1"]
[WhiteElo "2706"]
[BlackElo "2354"]
[TimeControl "180+1"]
[EndTime "10:27:03 PST"]
[Termination "Leo_C won by resignation"]

1. e4 c6 2. c4 d5 3. cxd5 cxd5 4. exd5 Nf6 5. Bb5+ Nbd7 6. Nc3 a6 7. Be2 b5 8. Bf3 Bb7 9. d4 Nb6 10. Nge2 Nbxd5 11. Qb3 e6 12. O-O Be7 13. a4 b4 14.
Bg5 O-O 15. Bxf6 Bxf6 16. Nxd5 Bxd5 17. Bxd5 Qxd5 18. Qxb4 Rab8 19. Qd2 e5 20. Rfd1 exd4 21. Nf4 Qb3 22. Nd3 g6 23. g3 Bg7 24. Ra3 Qc4 25.
Rc1 Qd5 26. b4 Rfc8 27. Raa1 Rc3 28. Rxc3 dxc3 29. Qc2 Qc4 30. Re1 Rd8 31. Re3 h5 32.
h4 Bh6 33. Rf3 Qe4 34. Kg2 Bg7 35. b5 Rd6 36. Qb3 Rxd3 37. Qxf7+ Kh7 38. bxa6 Rxf3 39. Qxf3 Qxf3+ 40. Kxf3 Bd4 41. a7 0-1

[Event "*** Titled Tuesday Blitz"]
[Site "Chess.com"]
[Date "2020.12.29"]
[Round "3"]
[White "NateSolon"]
[Black "Lady_Nika"]
[Result "0-1"]
[WhiteElo "2500"]
[BlackElo "2303"]
[TimeControl "180+1"]
[EndTime "10:27:05 PST"]
[Termination "Lady_Nika won by resignation"]

1. d4 d5 2. c4 e6 3. Nf3 f5 4. Nc3 Nf6 5. Bf4 c6 6. e3 Bd6 7. Bxd6 Qxd6 8. Bd3 O-O 9. O-O Ne4 10. Rc1 Nd7 11. Qb3 Kh8 12. Rfd1 b6 13. g3 Bb7 14. Qa3 Qxa3 15. bxa3 Rae8 16. cxd5 exd5 17. Ne2 c5 18.
dxc5 bxc5 19. Rb1 Bc6 20. h4 Rb8 21. Rb3 Ba4 22. Rxb8 Rxb8 23. Rb1 Rxb1+ 24. Bxb1 Ndf6 25. Nf4 c4 26. Nd4 Nc3 27. Bxf5 Nxa2 28. g4 Nc3 29. g5 Ne8 30. Be6 Nc7 31. Bf7 g6 32.
h5 gxh5 33. Nxh5 N7b5 34. Nxb5 Nxb5 35. Bxd5 c3 36. Be4 c2 37. Bxc2 Bxc2 38. f4 Nxa3 39.
Nf6 Nc4 40. e4 Nd6 41. e5 Nf5 42. Kf2 a5 0-1

[Event "*** Titled Tuesday Blitz"]
[Site "Chess.com"]
[Date "2020.12.29"]
[Round "3"]
[White "wonderfultime"]
[Black "Aemulus20"]
[Result "1-0"]
[WhiteElo "3019"]
[BlackElo "2598"]
[TimeControl "180+1"]
[EndTime "10:27:06 PST"]
[Termination "wonderfultime won by resignation"]

1. d4 Nf6 2. Nf3 e6 3. Bf4 b6 4. e3 Bb7 5. Bd3 c5 6. c3 Be7 7. O-O O-O 8. h3 d6 9. Nbd2 Re8 10. Qe2 a6 11. a4 Nbd7 12. Bh2 cxd4 13. cxd4 Nf8 14.
Rfc1 Ng6 15. e4 Nh5 16. Qe3 e5 17. Nc4 Nhf4 18. Bxf4 Nxf4 19. Bf1 b5 20. dxe5 Nxh3+ 21. gxh3 bxc4 22. Bxc4 dxe5 23. Nxe5 Bg5 24. Nxf7 Bxe3 25. Nxd8+ Kf8 26. Nxb7 Bxc1 27. Rxc1 Rxe4 28. Nc5 Re7 29. Bxa6 Rb8 30. Bb5 Ra8 31. b4 g6 32. a5 Kg7 33.
a6 Rb8 34. Bd7 Re2 35. a7 Ra8 36. Ra1 1-0

[Event "*** Titled Tuesday Blitz"]
[Site "Chess.com"]
[Date "2020.12.29"]
[Round "3"]
[White "Supernotar"]
[Black "MFBerna"]
[Result "1/2-1/2"]
[WhiteElo "2854"]
[BlackElo "2464"]
[TimeControl "180+1"]
[EndTime "10:27:06 PST"]
[Termination "Game drawn by repetition"]

1. d4 d5 2. c4 c6 3. e3 Nf6 4. Bd3 e6 5. Nd2 Nbd7 6. Ngf3 Bd6 7. O-O O-O 8. e4 dxe4 9. Nxe4 Nxe4 10. Bxe4 h6 11.
Bc2 c5 12. b3 Nf6 13. Bb2 b6 14. Qe2 Bb7 15. dxc5 Bxc5 16. Rad1 Qe7 17. Ne5 Rfd8 18. Ng4 Nxg4 19. Qxg4 Qg5 20. Qxg5 hxg5 21. Rxd8+ Rxd8 22.
Rd1 Rxd1+ 23. Bxd1 f6 24. Kf1 Kf7 25. f3 e5 26. Bc2 Ke6 27. Be4 Bxe4 28. fxe4 g6 29. Ke2 f5 30. Kd3 g4 31. Bc3 Bg1 32.
h3 gxh3 33. gxh3 f4 34. Ke2 Bd4 35. Bb4 Bc5 36. Bc3 Bd4 37. Bb4 Bc5 38. Bc3 Bd4 1/2-1/2

[Event "*** Titled Tuesday Blitz"]
[Site "Chess.com"]
[Date "2020.12.29"]
[Round "3"]
[White "lelajavakhishvili"]
[Black "novocane"]
[Result "1-0"]
[WhiteElo "2519"]
[BlackElo "2292"]
[TimeControl "180+1"]
[EndTime "10:27:08 PST"]
[Termination "lelajavakhishvili won by resignation"]

1. d4 Nf6 2. c4 e6 3. Nf3 b6 4. g3 Ba6 5. b3 Bb4+ 6. Bd2 Be7 7. Bg2 O-O 8. O-O d5 9. cxd5 exd5 10. Nc3 Bb7 11.
Qc2 c5 12. Rad1 Nc6 13. Bg5 cxd4 14. Nxd4 Rc8 15. Nf5 d4 16. Bxc6 Bxc6 17. Rxd4 Qc7 18. Rc4 Qe5 19. Bf4 Qe6 20. Nd4 Qd7 21. Nxc6 Rxc6 22. Rd1 Qc8 23. Nd5 1-0

[Event "*** Titled Tuesday Blitz"]
[Site "Chess.com"]
[Date "2020.12.29"]
[Round "3"]
[White "Ariadna_Atreides"]
[Black "rynos0411"]
[Result "0-1"]
[WhiteElo "2077"]
[BlackElo "2318"]
[TimeControl "180+1"]
[EndTime "10:27:10 PST"]
[Termination "rynos0411 won by resignation"]

1. d4 d5 2. Nf3 Nf6 3. c4 c6 4. Nbd2 e6 5. e3 Bd6 6. Bd3 Nbd7 7. O-O O-O 8. e4 dxe4 9. Nxe4 Nxe4 10. Bxe4 Nf6 11. Bc2 h6 12. Qd3 b6 13. b3 Bb7 14.
Bb2 Re8 15. Rad1 Qe7 16. Rfe1 Rad8 17. d5 cxd5 18. cxd5 Bxd5 19. Bxf6 Qxf6 20. Qh7+ Kf8 21. Rxd5 Bxh2+ 22. Kxh2 Rxd5 23. Kg1 Rc5 24. Be4 Ke7 25. Bb7 Rb8 26. Qe4 Rc7 27. Ba6 Qc3 28. Nd4 Rd8 29.
Nf5+ Kf8 30. Ne3 Qxe1+ 0-1

[Event "*** Titled Tuesday Blitz"]
[Site "Chess.com"]
[Date "2020.12.29"]
[Round "3"]
[White "Kolle05"]
[Black "CraiggoryC"]
[Result "1-0"]
[WhiteElo "2383"]
[BlackElo "2210"]
[TimeControl "180+1"]
[EndTime "10:27:12 PST"]
[Termination "Kolle05 won by resignation"]

1. e4 e6 2. d4 d5 3. Nd2 Be7 4. Bd3 c5 5. exd5 exd5 6. dxc5 a5 7. Ngf3 Na6 8. O-O Nxc5 9. Bb5+ Bd7 10. Bxd7+ Qxd7 11. Re1 Nf6 12. Qe2 Ne6 13. Ne5 Qc7 14. Nxf7 O-O 15.
Nh6+ gxh6 16. Qxe6+ Rf7 17. Nf3 Bc5 18. Ne5 Bxf2+ 19. Kxf2 Ng4+ 20. Kg1 Qb6+ 21. Qxb6 1-0

[Event "*** Titled Tuesday Blitz"]
[Site "Chess.com"]
[Date "2020.12.29"]
[Round "3"]
[White "lamomiablanca"]
[Black "mat_kolosowski"]
[Result "0-1"]
[WhiteElo "2297"]
[BlackElo "2696"]
[TimeControl "180+1"]
[EndTime "10:27:12 PST"]
[Termination "mat_kolosowski won by resignation"]

1. e4 e5 2. Nf3 Nc6 3. Nc3 Nf6 4. d4 exd4 5. Nxd4 Nxe4 6. Nxe4 Qe7 7. f3 d5 8. Be2 dxe4 9. Nxc6 bxc6 10. O-O Qe5 11. fxe4 Bd6 12. Bf4 Qc5+ 13. Kh1 Bxf4 14. Rxf4 O-O 15.
Bd3 Qe5 16. Qc1 Be6 17. Rf2 c5 18. b3 c4 19. bxc4 Rab8 20. Rb1 c5 21. Rb3 Qd4 22. Re2 Bxc4 23. Bxc4 Qxc4 24. Ree3 Rfe8 25. h3 h6 26. Qd2 Rbd8 27. Rbd3 Rxd3 28. cxd3 Qd4 29. Re2 Rd8 30. Re3 c4 31. Rg3 Qa1+ 32. Kh2 Qe5 0-1

[Event "*** Titled Tuesday Blitz"]
[Site "Chess.com"]
[Date "2020.12.29"]
[Round "3"]
[White "BigAl"]
[Black "SantoBlue"]
[Result "0-1"]
[WhiteElo "2455"]
[BlackElo "2858"]
[TimeControl "180+1"]
[EndTime "10:27:14 PST"]
[Termination "SantoBlue won by resignation"]

1. e4 d6 2. d4 Nf6 3. Nc3 e5 4. Nf3 Nbd7 5. g3 c6 6. Bg2 Be7 7. a4 O-O 8. O-O Qc7 9. h3 Re8 10. a5 Rb8 11. Re1 Nf8 12. Be3 b5 13. axb6 axb6 14.
Nh4 b5 15. b4 Ng6 16. Nf5 Bf8 17. Qd2 exd4 18. Bxd4 Ne5 19. Qg5 Kh8 20. f4 h6 21.
Nxh6 Nh7 22. Qh5 gxh6 23. fxe5 dxe5 24. Bc5 Bxc5+ 25. bxc5 Qe7 26. Ne2 Qxc5+ 27. Kh2 Qf8 28. Rf1 Rb7 29. Ra8 Rbe7 30. g4 Bxg4 31. Rxe8 Bxh5 32.
Rxf8+ Nxf8 33. Ng3 Bg6 34. Rf6 Re6 35. Rf2 Rd6 36.
h4 f6 37. h5 Bh7 38. Bh3 b4 39. Bf5 c5 40. Bxh7 Nxh7 41. Nf5 Rb6 42. Nxh6 Ng5 43. Rd2 Nf3+ 0-1

[Event "*** Titled Tuesday Blitz"]
[Site "Chess.com"]
[Date "2020.12.29"]
[Round "3"]
[White "JonahWillow"]
[Black "dropstoneDP"]
[Result "0-1"]
[WhiteElo "2703"]
[BlackElo "2955"]
[TimeControl "180+1"]
[EndTime "10:27:15 PST"]
[Termination "dropstoneDP won by resignation"]

1. e4 c5 2. Nf3 e6 3. d4 cxd4 4. Nxd4 Be7 5. Nc3 a6 6. g3 b5 7. Bg2 Bb7 8. O-O Nc6 9. Nb3 Ne5 10. f4 Nc4 11. e5 Bxg2 12. Kxg2 Nh6 13. g4 d6 14.
exd6 Qxd6 15. Qf3 O-O 16. Ne4 Qc7 17. f5 Ne5 18. Qg3 Nhxg4 19. f6 Qxc2+ 20. Bd2 Qxe4+ 21. Kg1 Bxf6 22. Rae1 Qd3 23. Qg2 Bh4 24. Re4 f5 25. Rd4 Qc2 26. h3 Bf2+ 27. Rxf2 Nxf2 28. Qxf2 Rad8 29.
Bc3 Qxf2+ 30. Kxf2 Rxd4 31. Nxd4 Kf7 32. Nxb5 axb5 33. Bxe5 Ra8 34. a3 Ra4 35. Kg3 g5 0-1

[Event "*** Titled Tuesday Blitz"]
[Site "Chess.com"]
[Date "2020.12.29"]
[Round "3"]
[White "champ2005"]
[Black "bascheyaro"]
[Result "1/2-1/2"]
[WhiteElo "2997"]
[BlackElo "2719"]
[TimeControl "180+1"]
[EndTime "10:27:17 PST"]
[Termination "Game drawn by repetition"]

1. d4 d5 2. Bf4 Bf5 3. e3 e6 4. Nf3 Nf6 5. c4 Bxb1 6. Rxb1 Bb4+ 7. Ke2 O-O 8. g3 Bd6 9. Qb3 b6 10. Bg2 Nc6 11. cxd5 Na5 12. Qc2 Bxf4 13. gxf4 Qxd5 14. Rhc1 Rac8 15. Kf1 Qb5+ 16. Kg1 c5 17. b4 cxb4 18. Qxc8 Rxc8 19. Rxc8+ Ne8 20. Ne5 Kf8 21. Rbc1 f6 22. Nc6 b3 23. Nxa5 b2 24. Rb1 Qd3 25. Rxb2 Qd1+ 26. Bf1 Qg4+ 27. Bg2 Qd1+ 28. Bf1 Qg4+ 29. Bg2 Qd1+ 1/2-1/2

[Event "*** Titled Tuesday Blitz"]
[Site "Chess.com"]
[Date "2020.12.29"]
[Round "3"]
[White "Training_Day"]
[Black "AIROPITO7"]
[Result "1-0"]
[WhiteElo "2391"]
[BlackElo "2556"]
[TimeControl "180+1"]
[EndTime "10:27:19 PST"]
[Termination "Training_Day won by checkmate"]

1. e4 c5 2. b3 Nf6 3. e5 Nd5 4.
Bb2 Nc6 5. Nf3 g6 6. Ng5 e6 7. Ne4 Be7 8. c4 Nb6 9. Nd6+ Bxd6 10. exd6 f6 11. h4 O-O 12. h5 e5 13. hxg6 hxg6 14. Bd3 f5 15. Qf3 Kg7 16. Qh3 Rh8 17. Qxh8+ Qxh8 18.
Rxh8 Kxh8 19. Nc3 Kg7 20. O-O-O Nd4 21. Nb5 a6 22. Nxd4 cxd4 23. f4 Kf6 24. Re1 Ke6 25.
c5 Nd5 26. Rxe5+ Kf7 27. Rxd5 b5 28. Bxd4 Bb7 29. Re5 Bc6 30. Re7+ Kf8 31. Rh7 Ra7 32. g3 a5 33. Bf6 a4 34. b4 a3 35. Bc2 Kg8 36. Rg7+ Kf8 37. Bb3 Be4 38. Rg8# 1-0

[Event "*** Titled Tuesday Blitz"]
[Site "Chess.com"]
[Date "2020.12.29"]
[Round "3"]
[White "Iskusnyh"]
[Black "Alexander_Moskalenko"]
[Result "0-1"]
[WhiteElo "2577"]
[BlackElo "2839"]
[TimeControl "180+1"]
[EndTime "10:27:21 PST"]
[Termination "Alexander_Moskalenko won on time"]

1. d4 d5 2. c4 c6 3. Nf3 Nf6 4. e3 Bf5 5. Nc3 e6 6. Nh4 Be4 7. f3 Bg6 8. Bd2 Nbd7 9. Nxg6 hxg6 10. Qc2 Qc7 11. O-O-O Rxh2 12. Rxh2 Qxh2 13. e4 dxc4 14. Bxc4 Be7 15. Be3 Nb6 16. Bf1 Rd8 17. Kb1 Kf8 18.
Qb3 Kg8 19. a4 Qc7 20. Rc1 Nbd7 21. d5 exd5 22. exd5 Nc5 23. Bxc5 Bxc5 24. dxc6 bxc6 25. Bc4 Rb8 26. Qa2 Bd4 27. a5 Qe7 28. Qa4 Qe5 29.
Ka2 Qd6 30. Rd1 Rb4 31. Qa3 c5 0-1

[Event "*** Titled Tuesday Blitz"]
[Site "Chess.com"]
[Date "2020.12.29"]
[Round "3"]
[White "Tsyhanchuk_Stanislav"]
[Black "AttackSparrow"]
[Result "0-1"]
[WhiteElo "2266"]
[BlackElo "2459"]
[TimeControl "180+1"]
[EndTime "10:27:23 PST"]
[Termination "AttackSparrow won by resignation"]

1. d4 Nf6 2. Nf3 g6 3. c4 c5 4. g3 cxd4 5. Nxd4 e5 6. Nc2 d5 7. cxd5 Qxd5 8. Qxd5 Nxd5 9. Bg2 Nb4 10. Nxb4 Bxb4+ 11. Bd2 Bxd2+ 12. Nxd2 Nc6 13. Rc1 Bd7 14. O-O Ke7 15.
e3 Rac8 16. Nc4 f6 17. Rfd1 Rhd8 18. Nd6 Rc7 19. Nb5 Rcc8 20. Nd6 Rb8 21. b3 Nb4 22. Nxb7 Rdc8 23. Nc5 Be8 24. a3 Na2 25. Ra1 Nc3 26. Rd3 Rxc5 27. Rc1 Ne2+ 0-1

[Event "*** Titled Tuesday Blitz"]
[Site "Chess.com"]
[Date "2020.12.29"]
[Round "3"]
[White "Alexey_Ustinov"]
[Black "AdarshIsMe"]
[Result "0-1"]
[WhiteElo "2474"]
[BlackElo "2204"]
[TimeControl "180+1"]
[EndTime "10:27:30 PST"]
[Termination "AdarshIsMe won by resignation"]

1. d4 Nf6 2. Nf3 e6 3. Bf4 d5 4. e3 Bd6 5. Ne5 O-O 6. Nd2 c5 7. c3 Nc6 8. Ndf3 Ne4 9. Bd3 f6 10. Nxc6 bxc6 11. Bxd6 Qxd6 12. Bxe4 dxe4 13. Nd2 f5 14. dxc5 Qxc5 15. Nb3 Qb6 16. Qd4 Ba6 17. O-O-O Bd3 18. Qxb6 axb6 19. a3 e5 20. g3 f4 21.
exf4 exf4 22. Rd2 c5 23. Kd1 c4 24. Nd4 e3 25. fxe3 fxe3 26. Rg2 Rad8 27. Re1 Rf2 28. Reg1 e2+ 29. Kd2 Rdf8 30. Rxf2 Rxf2 31. Re1 Rxh2 32. Nxe2 Bxe2 33. Rxe2 Rxe2+ 34. Kxe2 g5 35. a4 h5 36. Ke3 Kf7 37. Kd4 Ke6 38. Ke4 h4 39. gxh4 gxh4 40. Kf4 Kd5 41. Kg4 Ke4 42. Kxh4 Kd3 43. Kg5 Kc2 44. Kf5 Kxb2 45. a5 bxa5 0-1

[Event "*** Titled Tuesday Blitz"]
[Site "Chess.com"]
[Date "2020.12.29"]
[Round "3"]
[White "Pertinhez76"]
[Black "zverr1"]
[Result "1-0"]
[WhiteElo "2123"]
[BlackElo "2464"]
[TimeControl "180+1"]
[EndTime "10:27:30 PST"]
[Termination "Pertinhez76 won by checkmate"]

1. e4 c5 2. Nf3 Nc6 3. d4 cxd4 4. Nxd4 Nf6 5. Nc3 e5 6. Ndb5 d6 7. Bg5 a6 8. Na3 b5 9. Nd5 Be7 10. Bxf6 Bxf6 11. g3 Bg5 12. Bg2 O-O 13. O-O Rb8 14.
c3 Be6 15. Nc2 Qd7 16. Nce3 Kh8 17. f4 exf4 18. gxf4 Bh6 19. Kh1 f5 20. Qd3 Ne7 21. Nxe7 Qxe7 22. exf5 Bc4 23. Nxc4 bxc4 24. Qd2 Rxf5 25.
Rae1 Qh4 26. Qe2 g6 27. Qxc4 Rxf4 28. Rxf4 Bxf4 29. Qd4+ Kg8 30. Bd5+ Kf8 31. Re2 Rxb2 32. Qh8# 1-0

[Event "*** Titled Tuesday Blitz"]
[Site "Chess.com"]
[Date "2020.12.29"]
[Round "3"]
[White "BogdanDeac"]
[Black "Blitzstream"]
[Result "1-0"]
[WhiteElo "3008"]
[BlackElo "2712"]
[TimeControl "180+1"]
[EndTime "10:27:31 PST"]
[Termination "BogdanDeac won on time"]

1. b3 e5 2. Bb2 Nc6 3. e3 g6 4. d4 Bg7 5. d5 Nce7 6. d6 cxd6 7. Qxd6 Qb6 8. Qxb6 axb6 9. Na3 d5 10. Nb5 Kd7 11. Nf3 f6 12. O-O-O Kc6 13. e4 d4 14.
c3 f5 15. cxd4 fxe4 16. Nxe5+ Bxe5 17. dxe5 Nh6 18. Rd6+ Kc5 19. a4 Nc6 20. Ba3+ Nb4 21. Rd4 1-0

[Event "*** Titled Tuesday Blitz"]
[Site "Chess.com"]
[Date "2020.12.29"]
[Round "3"]
[White "jerry_77"]
[Black "Chamal_Gedgafov"]
[Result "1-0"]
[WhiteElo "2499"]
[BlackElo "2204"]
[TimeControl "180+1"]
[EndTime "10:27:31 PST"]
[Termination "jerry_77 won by resignation"]

1. e4 e5 2. Nc3 Nf6 3. f4 d5 4. fxe5 Nxe4 5. Nf3 Bf5 6. Qe2 Nc6 7. Qb5 Nxc3 8. dxc3 a6 9. Qe2 Bc5 10. Bf4 Qd7 11. O-O-O O-O-O 12. h3 Rhe8 13. g4 Be4 14. Bg2 f6 15. exf6 gxf6 16. Qf1 Ne5 17. Nxe5 fxe5 18. Bxe4 Qa4 19. Bf5+ Kb8 20. Bg5 Qxa2 21. Qd3 e4 22. Bxe4 dxe4 23. Qxd8+ Rxd8 24. Rxd8+ Ka7 25. Re1 Qa1+ 26. Kd2 Qxb2 27. Rxe4 Ba3 28.
Be3+ c5 29. Ree8 Qc1+ 30. Ke2 Qxc2+ 31. Kf3 Qxc3 32. Ra8+ Kb6 33. Re6+ Kb5 34. Rb8 Qe1 35. Rxb7+ Kc4 36. Re4+ Kc3 37. Bd4+ cxd4 38. Rxe1 d3 39. Re3 1-0

[Event "*** Titled Tuesday Blitz"]
[Site "Chess.com"]
[Date "2020.12.29"]
[Round "3"]
[White "TristanCalistri"]
[Black "esapunov"]
[Result "1/2-1/2"]
[WhiteElo "2322"]
[BlackElo "2717"]
[TimeControl "180+1"]
[EndTime "10:27:33 PST"]
[Termination "Game drawn by repetition"]

1. e4 c5 2. Nf3 d6 3. Bb5+ Nd7 4. Ba4 Nf6 5. c4 e5 6. Nc3 Be7 7. O-O O-O 8. Bxd7 Bxd7 9. Ne1 a6 10. a4 b6 11. Nc2 Bc6 12. d3 Ne8 13. b4 Nc7 14. f4 exf4 15. Bxf4 Bf6 16. Qd2 a5 17. b5 Bb7 18. Ne3 Ne6 19. Kh1 Nxf4 20. Rxf4 Be5 21. Rf3 g6 22. Raf1 h5 23. Ncd5 Kg7 24. Qf2 Bxd5 25. Nxd5 Ra7 26. Qe2 Qh4 27. Rh3 Qd8 28. Rf2 Rb7 29. Qf1 Qg5 30. Rhf3 Qd8 31. Nf6 Qe7 32.
Nd5 Qd8 33. Qe2 Qg5 34. Rf1 h4 35. Rh3 Rh8 36. Ne3 Bd4 37. Nd5 Be5 38. Ne3 Bd4 39. Nd5 Be5 1/2-1/2

[Event "*** Titled Tuesday Blitz"]
[Site "Chess.com"]
[Date "2020.12.29"]
[Round "3"]
[White "Dinamo81"]
[Black "IMVoja"]
[Result "1-0"]
[WhiteElo "2669"]
[BlackElo "2423"]
[TimeControl "180+1"]
[EndTime "10:27:33 PST"]
[Termination "Dinamo81 won by resignation"]

1. d4 Nf6 2. Bf4 d6 3. Nc3 g6 4. e4 c6 5. Nf3 Qa5 6. Bd3 Bg7 7.
h3 O-O 8. Qd2 Nbd7 9. O-O e5 10.
Bh6 exd4 11. Nxd4 Qh5 12. Bxg7 Kxg7 13. f4 Nc5 14. Rae1 Bd7 15. e5 Ne8 16. f5 dxe5 17. Rxe5 Qh6 18. Qxh6+ Kxh6 19. Rxc5 Nd6 20. Re5 Rae8 21.
Rfe1 Rxe5 22. Rxe5 Re8 23. Rxe8 Bxe8 24. Ne4 Nxe4 25.
Bxe4 Kg5 26. Kf2 Kf4 27. Bd3 Bd7 28. g3+ Ke5 29. Ke3 a6 30. Nf3+ Kf6 31. fxg6 fxg6 32.
h4 c5 33. Kf4 h6 34. Be4 b5 35. c3 Be6 36. a3 a5 37. g4 b4 38. g5+ hxg5+ 39. hxg5+ Kg7 40. Ne5 b3 41. Bxg6 1-0